| TOP OF THE 1ST |
|
University of California Golden Bears batting - Pitching for Washington State University Cougars : RHP Ty Misner
|
|
Pitching: RHP Ty Misner
|
|
|
Batting: LHB Luis Orellana
|
0-0: SOLO HOME RUN (Line Drive, 9D, EV 106.9 MPH), Distance : 393 ft
|
|
Batting: RHB Tim Spence
|
0-0: Swinging Strike 0-1: Called Strike 0-2: Ball 1-2: Strikes out swinging
|
|
Batting: LHB Carlos Gaona
|
0-0: Foul Ball, location: 2F 0-1: Ball 1-1: Foul Ball, location: 2F 1-2: Strikes out looking
|
|
Batting: RHB Nate Mahon
|
0-0: Ball 1-0: Foul Ball, location: 2F 1-1: Ball 2-1: Fly out, F7 (Flyball, 7LM, EV 84.4 MPH)
|
| Top of the 1st over - 1 run, 1 hit, 0 errors, 0 left on base; University of California 1 - Washington State University 0 |
| BOTTOM OF THE 1ST |
|
Washington State University Cougars batting - Pitching for University of California Golden Bears : LHP Leo Gomez
|
|
Pitching: LHP Leo Gomez
|
|
|
Batting: RHB Miguel Paredes
|
0-0: Ground out 6-3 (Groundball, 6, EV 103.8 MPH)
|
|
Batting: LHB Israel Ariza
|
0-0: Ball 1-0: Ball 2-0: Called Strike 2-1: Called Strike 2-2: Fly out, F7 (Flyball, 7LM, EV 85.0 MPH)
|
|
Batting: SHB Juan Delanoval
|
0-0: DOUBLE (Line Drive, 89XD, EV 109.4 MPH)
|
|
Batting: RHB Mas Langat
|
0-0: Ball 1-0: Ground out 6-3 (Groundball, 56, EV 94.4 MPH)
|
| Bottom of the 1st over - 0 runs, 1 hit, 0 errors, 1 left on base; University of California 1 - Washington State University 0 |
| TOP OF THE 2ND |
|
University of California Golden Bears batting - Pitching for Washington State University Cougars : RHP Ty Misner
|
|
Batting: SHB Nick Jansen
|
0-0: Called Strike 0-1: Swinging Strike 0-2: SINGLE (Flyball, 4D, EV 93.8 MPH)
|
|
Batting: RHB Juan Debayle
|
0-0: Ball 1-0: Fly out, F6 (Line Drive, 56D, EV 70.6 MPH)
|
|
Batting: RHB Mike Wilson
|
0-0: Ball 1-0: Ball 2-0: Called Strike 2-1: Called Strike 2-2: SINGLE (Groundball, 25, EV 74.4 MPH) (infield hit) Nick Jansen to second
|
|
Pinch Runner at 1st Ken Hahn:
|
|
|
Batting: LHB Jonathan Sosa
|
0-0: Ball 1-0: Ball 2-0: Ball 3-0: Called Strike 3-1: Called Strike 3-2: Foul Ball, location: 2F 3-2: Foul Ball, location: 2F 3-2: DOUBLE (Flyball, 8RD, EV 105.6 MPH) Nick Jansen scores Ken Hahn to third
|
|
Batting: RHB Bill Gallardo
|
0-0: Ball 1-0: Swinging Strike 1-1: Foul Ball, location: 2F 1-2: 3-RUN HOME RUN (Line Drive, 7LD, EV 98.8 MPH), Distance : 380 ft
|
|
Batting: LHB Luis Orellana
|
0-0: Ball 1-0: Called Strike 1-1: Foul Ball, location: 2F 1-2: Ball 2-2: Foul Ball, location: 2F 2-2: Ball 3-2: Strikes out swinging
|
|
Batting: RHB Tim Spence
|
0-0: Fly out, F8 (Flyball, 8LS, EV 78.8 MPH)
|
| Top of the 2nd over - 4 runs, 4 hits, 0 errors, 0 left on base; University of California 5 - Washington State University 0 |
| BOTTOM OF THE 2ND |
|
Washington State University Cougars batting - Pitching for University of California Golden Bears : LHP Leo Gomez
|
|
Batting: LHB Scott Spillers
|
0-0: Called Strike 0-1: Ball 1-1: Foul Ball, location: 2F 1-2: Foul Ball, location: 2F 1-2: Ball 2-2: Fly out, F7 (Flyball, 7LS, EV 88.1 MPH)
|
|
Batting: RHB Wil Gonzales
|
0-0: Called Strike 0-1: Foul Ball, location: 2F 0-2: Ball 1-2: Strikes out swinging
|
|
Batting: RHB Ryan Toth
|
0-0: Swinging Strike 0-1: Ball 1-1: Fly out, F4 (Line Drive, 4, EV 66.2 MPH)
|
| Bottom of the 2nd over - 0 runs, 0 hits, 0 errors, 0 left on base; University of California 5 - Washington State University 0 |
| TOP OF THE 3RD |
|
University of California Golden Bears batting - Pitching for Washington State University Cougars : RHP Ty Misner
|
|
Pitching: RHP Gerbrand Lubbers
|
|
|
Batting: LHB Carlos Gaona
|
0-0: Ball 1-0: Ball 2-0: Called Strike 2-1: Foul Ball, location: 2F 2-2: Ground out 4-3 (Groundball, 4D, EV 98.1 MPH)
|
|
Batting: RHB Nate Mahon
|
0-0: Ball 1-0: Swinging Strike 1-1: Foul Ball, location: 2F 1-2: Strikes out swinging
|
|
Batting: SHB Nick Jansen
|
0-0: Ball 1-0: Swinging Strike 1-1: Swinging Strike 1-2: Strikes out swinging
|
| Top of the 3rd over - 0 runs, 0 hits, 0 errors, 0 left on base; University of California 5 - Washington State University 0 |
| BOTTOM OF THE 3RD |
|
Washington State University Cougars batting - Pitching for University of California Golden Bears : LHP Leo Gomez
|
|
Batting: RHB Ron Essink
|
0-0: Ball 1-0: Ball 2-0: Ball 3-0: Base on Balls
|
|
Batting: RHB Joe Weber
|
0-0: Fly out, F8 (Line Drive, 89M, EV 99.4 MPH)
|
|
Batting: RHB Miguel Paredes
|
0-0: Ball 1-0: Ball 2-0: Called Strike 2-1: Ball 3-1: Base on Balls Ron Essink to second
|
|
Batting: LHB Israel Ariza
|
0-0: Foul Ball, location: 2F 0-1: SINGLE (Line Drive, 8LS, EV 88.1 MPH) Ron Essink to third Miguel Paredes to second Runner from 3rd tries for Home, SAFE, throw by CF to home
|
|
Batting: SHB Juan Delanoval
|
0-0: Called Strike 0-1: Foul Ball, location: 2F 0-2: Ball 1-2: Foul Ball, location: 2F 1-2: Ball 2-2: Ball 3-2: Strikes out looking
|
|
Pitching: RHP Tim Devine
|
|
|
Batting: RHB Mas Langat
|
0-0: Called Strike 0-1: Ball 1-1: Ball 2-1: Ground out 6-3 (Groundball, P, EV 84.4 MPH)
|
| Bottom of the 3rd over - 1 run, 1 hit, 0 errors, 2 left on base; University of California 5 - Washington State University 1 |
| TOP OF THE 4TH |
|
University of California Golden Bears batting - Pitching for Washington State University Cougars : RHP Gerbrand Lubbers
|
|
Batting: RHB Juan Debayle
|
0-0: Fly out, F9 (Flyball, 9, EV 91.2 MPH)
|
|
Batting: RHB Ken Hahn
|
0-0: Ball 1-0: Foul Ball, location: 2F 1-1: Called Strike 1-2: Foul Ball, location: 2F 1-2: Ground out 5-3 (Groundball, 5S, EV 93.8 MPH)
|
|
Batting: LHB Jonathan Sosa
|
0-0: SOLO HOME RUN (Flyball, 9D, EV 96.2 MPH), Distance : 364 ft
|
|
Batting: RHB Bill Gallardo
|
0-0: Called Strike 0-1: Ground out 1-3 (Groundball, P, EV 68.1 MPH)
|
| Top of the 4th over - 1 run, 1 hit, 0 errors, 0 left on base; University of California 6 - Washington State University 1 |
| BOTTOM OF THE 4TH |
|
Washington State University Cougars batting - Pitching for University of California Golden Bears : RHP Tim Devine
|
|
Pitching: RHP Luis Rojas
|
|
|
Batting: LHB Scott Spillers
|
0-0: Ball 1-0: Ball 2-0: Ball 3-0: SINGLE (Groundball, 4MS, EV 90.6 MPH) (infield hit)
|
|
Batting: RHB Wil Gonzales
|
0-0: Ball 1-0: Swinging Strike 1-1: Swinging Strike 1-2: Foul Ball, location: 2F 1-2: Ball 2-2: Ball 3-2: Foul Ball, location: 2F 3-2: Strikes out swinging
|
|
Batting: RHB Ryan Toth
|
0-0: Ball 1-0: Foul Ball, location: 2F 1-1: Called Strike 1-2: Strikes out swinging
|
|
Batting: RHB Ron Essink
|
0-0: Foul Ball, location: 2F 0-1: Foul Ball, location: 2F 0-2: Strikes out swinging
|
| Bottom of the 4th over - 0 runs, 1 hit, 0 errors, 1 left on base; University of California 6 - Washington State University 1 |
| TOP OF THE 5TH |
|
University of California Golden Bears batting - Pitching for Washington State University Cougars : RHP Gerbrand Lubbers
|
|
Pitching: RHP Randolph Batten
|
|
|
Now at SS: Rex Creswell
|
|
|
Now in CF: Willy Berrios
|
|
|
Batting: LHB Luis Orellana
|
0-0: Called Strike 0-1: Swinging Strike 0-2: Ball 1-2: Strikes out looking
|
|
Batting: RHB Tim Spence
|
0-0: Called Strike 0-1: Foul Ball, location: 2F 0-2: Fly out, F2 (Popup, 23F, EV 83.8 MPH)
|
|
Batting: LHB Carlos Gaona
|
0-0: Foul Ball, location: 2F 0-1: Ball 1-1: Ball 2-1: Swinging Strike 2-2: Foul Ball, location: 2F 2-2: Ball 3-2: Foul Ball, location: 2F 3-2: Ground out 6-3 (Groundball, 6, EV 78.8 MPH)
|
| Top of the 5th over - 0 runs, 0 hits, 0 errors, 0 left on base; University of California 6 - Washington State University 1 |
| BOTTOM OF THE 5TH |
|
Washington State University Cougars batting - Pitching for University of California Golden Bears : RHP Luis Rojas
|
|
Pitching: LHP Jimmy Bolton
|
|
|
Batting: RHB Joe Weber
|
0-0: Ground out 6-3 (Groundball, 6S, EV 90.6 MPH)
|
|
Batting: LHB David Jackson
|
0-0: Ball 1-0: Fly out, F7 (Flyball, 78S, EV 75.6 MPH)
|
|
Pinch Hitting: RHB Manny Serrano
|
0-0: Ball 1-0: Fly out, F7 (Flyball, 7D, EV 103.1 MPH)
|
| Bottom of the 5th over - 0 runs, 0 hits, 0 errors, 0 left on base; University of California 6 - Washington State University 1 |
| TOP OF THE 6TH |
|
University of California Golden Bears batting - Pitching for Washington State University Cougars : RHP Randolph Batten
|
|
Pitching: RHP Teddy Barber
|
|
|
Now at 1B: Manny Serrano
|
|
|
Now at 3B: Ramiro Castillo
|
|
|
Batting: RHB Nate Mahon
|
0-0: Called Strike 0-1: Called Strike 0-2: Ball 1-2: Foul Ball, location: 2F 1-2: Ground out 6-3 (Groundball, 6, EV 83.8 MPH)
|
|
Batting: SHB Nick Jansen
|
0-0: Ball 1-0: Fly out, F8 (Flyball, 8LS, EV 75.0 MPH)
|
|
Batting: RHB Juan Debayle
|
0-0: Ball 1-0: Called Strike 1-1: Ball 2-1: Swinging Strike 2-2: Ball 3-2: Foul Ball, location: 2F 3-2: Foul Ball, location: 2F 3-2: Strikes out swinging
|
| Top of the 6th over - 0 runs, 0 hits, 0 errors, 0 left on base; University of California 6 - Washington State University 1 |
| BOTTOM OF THE 6TH |
|
Washington State University Cougars batting - Pitching for University of California Golden Bears : LHP Jimmy Bolton
|
|
Batting: LHB Rex Creswell
|
0-0: Ball 1-0: Ball 2-0: Called Strike 2-1: Swinging Strike 2-2: Ball 3-2: Strikes out looking
|
|
Batting: LHB Willy Berrios
|
0-0: Ball 1-0: Fly out, F1 (Line Drive, P, EV 66.9 MPH)
|
|
Batting: LHB Scott Spillers
|
0-0: Ball 1-0: Ball 2-0: Ball 3-0: Called Strike 3-1: Foul Ball, location: 2F 3-2: Fly out, F7 (Line Drive, 78M, EV 111.2 MPH)
|
| Bottom of the 6th over - 0 runs, 0 hits, 0 errors, 0 left on base; University of California 6 - Washington State University 1 |
| TOP OF THE 7TH |
|
University of California Golden Bears batting - Pitching for Washington State University Cougars : RHP Teddy Barber
|
|
Batting: RHB Ken Hahn
|
0-0: Ground out 3-1 (Groundball, 34, EV 101.9 MPH)
|
|
Batting: LHB Jonathan Sosa
|
0-0: Ball 1-0: Called Strike 1-1: Called Strike 1-2: Ball 2-2: Strikes out swinging
|
|
Pitching: RHP Jose Conejo
|
|
|
Batting: RHB Bill Gallardo
|
0-0: Swinging Strike 0-1: Ball 1-1: Ball 2-1: Foul Ball, location: 2F 2-2: Foul Ball, location: 2F 2-2: Ball 3-2: Foul Ball, location: 2F 3-2: Foul Ball, location: 2F 3-2: Foul Ball, location: 2F 3-2: Strikes out swinging
|
| Top of the 7th over - 0 runs, 0 hits, 0 errors, 0 left on base; University of California 6 - Washington State University 1 |
| BOTTOM OF THE 7TH |
|
Washington State University Cougars batting - Pitching for University of California Golden Bears : LHP Jimmy Bolton
|
|
Pitching: RHP Steve Clothier
|
|
|
Batting: RHB Ramiro Castillo
|
0-0: Ball 1-0: Foul Ball, location: 2F 1-1: Ball 2-1: Swinging Strike 2-2: Strikes out swinging
|
|
Batting: RHB Ryan Toth
|
0-0: Ball 1-0: Foul Ball, location: 2F 1-1: Foul Ball, location: 2F 1-2: Ball 2-2: Fly out, F9 (Line Drive, 89M, EV 93.1 MPH)
|
|
Pinch Hitting: RHB Rafael Collyer
|
0-0: Ball 1-0: Ball 2-0: Foul Ball, location: 2F 2-1: Ball 3-1: Foul Ball, location: 2F 3-2: Foul Ball, location: 2F 3-2: Foul Ball, location: 2F 3-2: Strikes out swinging
|
| Bottom of the 7th over - 0 runs, 0 hits, 0 errors, 0 left on base; University of California 6 - Washington State University 1 |
| TOP OF THE 8TH |
|
University of California Golden Bears batting - Pitching for Washington State University Cougars : RHP Jose Conejo
|
|
Now at 2B: Rafael Collyer
|
|
|
Batting: LHB Luis Orellana
|
0-0: Swinging Strike 0-1: Swinging Strike 0-2: Ball 1-2: Ball 2-2: Strikes out swinging
|
|
Batting: RHB Tim Spence
|
0-0: Foul Ball, location: 2F 0-1: Fly out, F7 (Flyball, 7LS, EV 93.1 MPH)
|
|
Batting: LHB Carlos Gaona
|
0-0: Called Strike 0-1: Foul Ball, location: 2F 0-2: Foul Ball, location: 2F 0-2: Strikes out swinging, 2-3 out at first.
|
| Top of the 8th over - 0 runs, 0 hits, 0 errors, 0 left on base; University of California 6 - Washington State University 1 |
| BOTTOM OF THE 8TH |
|
Washington State University Cougars batting - Pitching for University of California Golden Bears : RHP Steve Clothier
|
|
Pitching: LHP Dave Coleman
|
|
|
Batting: RHB Joe Weber
|
0-0: Called Strike 0-1: Ball 1-1: SOLO HOME RUN (Flyball, 7D, EV 107.5 MPH), Distance : 413 ft
|
|
Batting: LHB David Jackson
|
0-0: Ball 1-0: Ball 2-0: Ball 3-0: Called Strike 3-1: SINGLE (Line Drive, 8RS, EV 100.0 MPH)
|
|
Batting: RHB Manny Serrano
|
0-0: Ball 1-0: DOUBLE (Flyball, 78D, EV 107.5 MPH) David Jackson to third
|
|
Batting: LHB Rex Creswell
|
0-0: Ball 1-0: 3-RUN HOME RUN (Flyball, 89XD, EV 110.0 MPH), Distance : 418 ft
|
|
Pitching: RHP Danny Rodriguez
|
|
|
Batting: LHB Willy Berrios
|
0-0: Fly out, F7 (Flyball, 78M, EV 88.1 MPH)
|
|
Batting: LHB Scott Spillers
|
0-0: Ball 1-0: Called Strike 1-1: SINGLE (Flyball, 7S, EV 88.8 MPH)
|
|
Batting: RHB Ramiro Castillo
|
0-0: Ball 1-0: SINGLE (Flyball, 8LS, EV 91.2 MPH) Scott Spillers to second
|
|
Batting: RHB Ryan Toth
|
0-0: Ball 1-0: Fly out, F8 (Flyball, 8LS, EV 92.5 MPH)
|
|
Batting: RHB Rafael Collyer
|
0-0: Swinging Strike 0-1: Called Strike 0-2: Ball 1-2: Ground out U3 (Groundball, 34, EV 83.1 MPH)
|
| Bottom of the 8th over - 4 runs, 6 hits, 0 errors, 2 left on base; University of California 6 - Washington State University 5 |
| TOP OF THE 9TH |
|
University of California Golden Bears batting - Pitching for Washington State University Cougars : RHP Jose Conejo
|
|
Pitching: LHP Mike Ligon
|
|
|
Batting: RHB Nate Mahon
|
0-0: Swinging Strike 0-1: Fly out, F8 (Flyball, 8LD, EV 103.8 MPH)
|
|
Batting: SHB Nick Jansen
|
0-0: Ball 1-0: Swinging Strike 1-1: Foul Ball, location: 2F 1-2: Ball 2-2: Strikes out swinging
|
|
Batting: RHB Juan Debayle
|
0-0: Foul Ball, location: 2F 0-1: Ball 1-1: Ball 2-1: Foul Ball, location: 2F 2-2: Ball 3-2: Foul Ball, location: 2F 3-2: Base on Balls
|
|
Batting: RHB Ken Hahn
|
0-0: Fly out, F8 (Flyball, 8RD, EV 102.5 MPH)
|
| Top of the 9th over - 0 runs, 0 hits, 0 errors, 1 left on base; University of California 6 - Washington State University 5 |
|